 Dungeon Crawl Stone Soup version 0.29.1 (webtiles) character file.

Game seed: 12494020176125602220

387 qw the Shield-Bearer (level 6, 0/38 HPs)
             Began as a Gargoyle Fighter on Sept 13, 2022.
             Was an Initiate of Okawaru.
             Slain by a black bear (10 damage)
             ... on level 4 of the Dungeon.
             The game lasted 00:01:38 (3165 turns).

qw the Shield-Bearer (Gargoyle Fighter)             Turns: 3165, Time: 00:01:38

Health: 0/38       AC: 13    Str: 28    XL:     6   Next: 78%
Magic:  6/6        EV:  6    Int:  8    God:    Okawaru [......]
Gold:   15         SH: 12    Dex:  9    Spells: 5/5 levels left

rFire   . . .      SeeInvis .   Y - +1 war axe
rCold   . . .      Faith    .   j - +0 tower shield
rNeg    + . .      Spirit   .   b - +0 scale mail
rPois   inf        Reflect  .   g - +0 helmet
rElec   +          Harm     .   (no cloak)
rCorr   .          Rampage  .   k - +0 pair of gloves
Will    .....                   (no boots)
Stlth   ..........              (no amulet)
HPRegen 0.12/turn               n - +6 ring of strength
MPRegen 0.10/turn               (no ring)

@: no status effects
A: sickness immunity, AC +4, negative energy resistance 1, electricity
resistance, torment resistance 1, petrification resistance
a: Renounce Religion


You were on level 4 of the Dungeon.
You worshipped Okawaru.
Okawaru was noncommittal.
You visited 1 branch of the dungeon, and saw 4 of its levels.

You collected 106 gold pieces.
You spent 91 gold pieces at shops.


Innate Abilities, Weirdness & Mutations

You are immune to sickness and miasma.
Your stone body is resilient. (AC +4)
You are immune to poison.
You resist negative energy. (rN+)
You are resistant to electric shocks. (rElec)
You are resistant to unholy torment.
You are immune to petrification.


   Skills:
 - Level 3.8 Fighting
 - Level 5.0 Axes
 - Level 3.2 Armour
 + Level 5.4 Shields


You had 5 spell levels left.
You didn't know any spells.
Your spell library was empty.

Inventory:

Hand Weapons
 o - a +0 flail
 Y - a +1 war axe (weapon)
Armour
 b - a +0 scale mail (worn)
 f - a +0 chain mail
 g - a +0 helmet (worn)
 j - a +0 tower shield (worn)
 k - a +0 pair of gloves (worn)
Jewellery
 n - a +6 ring of strength (left hand)
Scrolls
 a - 5 scrolls of teleportation
 c - 3 scrolls of enchant armour {unknown}
 m - a scroll of identify
 r - a scroll of noise {unknown}
Potions
 d - 2 potions of might
 h - a potion of brilliance {unknown}
 i - a potion of heal wounds
 l - a potion of haste {unknown}
 p - a potion of invisibility {unknown}
 q - a potion of berserk rage {unknown}

Dungeon Overview and Level Annotations

Branches:
Dungeon (4/15)
 Temple: D:4-7

Altars:
Kikubaaqudgha
Okawaru

Shops:
D:1 (   D:4 *:

Annotations:
D:1 1 transporter


Message History

The black bear is almost dead.
The black bear barely misses you. The black bear closely misses you.
You block the black bear's attack.
The black bear bites you but does no damage.
The black bear claws you but does no damage.
The black bear barely misses you.
The black bear bites you but does no damage.
The black bear closely misses you. You block the black bear's attack.
You hit the black bear.
The black bear is almost dead.
You block the black bear's attack.
The black bear claws you but does no damage.
The black bear barely misses you. The black bear bites you.
The black bear claws you but does no damage.
The black bear claws you.
You hit the black bear.
The black bear is almost dead.
The black bear bites you but does no damage.
You block the black bear's attack. The black bear barely misses you.
The black bear bites you!
The black bear claws you but does no damage.
The black bear closely misses you. The black bear bites you.
You block the black bear's attack.
The black bear claws you but does no damage.
You closely miss the black bear.
The black bear is almost dead.
You block the black bear's attack. x2; The black bear claws you.
The black bear barely misses you. The black bear claws you. x2
You hit the black bear but do no damage.
The black bear is almost dead.
The black bear bites you. You block the black bear's attack.
The black bear claws you but does no damage.
You block the black bear's attack. x2
The black bear claws you but does no damage.
The black bear bites you but does no damage.
The black bear claws you but does no damage. x2
You barely miss the black bear.
The black bear is almost dead.
The black bear bites you!
You die... #.## ... #... ## ... #.## . ... #.# #.#.# #.# .#.# ...####.## gO#

#........ #h#
#.####.## #@#
.#.#.# #... #.#
##.#.#.# #.## #.#
#..#.#.# #.#
#.###.##.#.# #.#
#..##.##.#.# #..
#..##.##.#.# #.#
#..##.##.#.# #.#
#..........# ##.##
##.##.##.#####...#


You could see a black bear (berserk), an ogre and a hobgoblin.

Vanquished Creatures
  3 hounds
  An orc priest (D:3)
  2 iguanas (D:4)
  2 orc wizards (D:4)
  7 adders
  2 worms (D:2)
  A dart slug (D:3)
  7 orcs
  6 bats
  7 endoplasms
  2 giant cockroaches
  13 goblins
  9 hobgoblins
  9 quokkas
  5 ball pythons
  4 frilled lizards
  9 kobolds
  8 rats
97 creatures vanquished.

Notes
Turn   | Place    | Note
-------+----------+-------------------------------------------
     0 | D:1      | qw the Gargoyle Fighter began the quest for the Orb.
     0 | D:1      | Reached XP level 1. HP: 14/14 MP: 1/1
     0 | D:1      | 0 ||| qw: Version: 0.1-a-119-g272c26d
     0 | D:1      | 0 ||| qw: Game counter: 11218
     0 | D:1      | 0 ||| qw: Always use a shield: true
     0 | D:1      | 0 ||| qw: God list: Okawaru
     0 | D:1      | 0 ||| qw: Allow faded altars: false
     0 | D:1      | 0 ||| qw: Do Orc after D:15 true
     0 | D:1      | 0 ||| qw: Do second Lair branch before Depths: true
     0 | D:1      | 0 ||| qw: Lair rune preference: random
     0 | D:1      | 0 ||| qw: Plans: Normal, Zot, God:TSO, Crypt, Tomb, Pan,
                  | Slime, Hells, Zig, Abyss, Orb
     0 | D:1      | 0 ||| PLANNING D:1-11
   223 | D:1      | Found Xelim's Antique Weapon Emporium.
   242 | D:1      | 242 ||| SHOPLISTING runed morningstar (161 gold, have 32).
   268 | D:1      | Reached XP level 2. HP: 19/19 MP: 2/2
   538 | D:1      | Reached skill level 3 in Axes
   555 | D:1      | Reached XP level 3. HP: 23/23 MP: 3/3
   693 | D:1      | Found a faded altar of an unknown god.
   820 | D:1      | 820 ||| READING 2 scrolls labelled KEPLEILOMN.
   824 | D:1      | 824 ||| DRINKING 2 fizzy amethyst potions.
   844 | D:2      | 844 ||| STAIRDANCE
   852 | D:2      | 852 ||| STAIRDANCE
  1254 | D:2      | 1254 ||| Stepping ~*~*~tactically~*~*~ (stealth).
  1448 | D:2      | Reached XP level 4. HP: 23/28 MP: 4/4
  1865 | D:2      | 1865 ||| UPGRADING to +0 helmet.
  1870 | D:2      | 1870 ||| READING scroll labelled EFEBO LUZ KETA.
  1871 | D:2      | 1871 ||| READING scroll labelled IHOQAS XOWKITS.
  1872 | D:2      | 1872 ||| READING scroll labelled FUT KUIBAHIU.
  1873 | D:2      | 1873 ||| DRINKING 2 bubbling grey potions.
  1874 | D:2      | 1874 ||| DRINKING 2 lumpy red potions.
  1875 | D:2      | 1875 ||| DROPPING potion of degeneration.
  1876 | D:2      | 1876 ||| DROPPING potion of flight.
  1912 | D:3      | 1912 ||| Stepping ~*~*~tactically~*~*~ (stealth).
  1913 | D:3      | 1913 ||| Stepping ~*~*~tactically~*~*~ (stealth).
  1919 | D:3      | 1919 ||| Stepping ~*~*~tactically~*~*~ (stealth).
  1967 | D:3      | Found an iron altar of Okawaru.
  2066 | D:3      | 2066 ||| Stepping ~*~*~tactically~*~*~ (hiding).
  2073 | D:3      | Reached XP level 5. HP: 20/32 MP: 5/5
  2138 | D:3      | 2138 ||| FLEEEEING.
  2139 | D:3      | 2139 ||| FLEEEEING.
  2204 | D:3      | 2204 ||| Stepping ~*~*~tactically~*~*~ (stealth).
  2255 | D:3      | 2255 ||| Stepping ~*~*~tactically~*~*~ (stealth).
  2256 | D:3      | 2256 ||| Stepping ~*~*~tactically~*~*~ (stealth).
  2260 | D:3      | 2260 ||| Stepping ~*~*~tactically~*~*~ (stealth).
  2269 | D:3      | 2269 ||| Stepping ~*~*~tactically~*~*~ (stealth).
  2276 | D:3      | 2276 ||| Stepping ~*~*~tactically~*~*~ (stealth).
  2281 | D:3      | 2281 ||| Stepping ~*~*~tactically~*~*~ (stealth).
  2292 | D:3      | 2292 ||| DROPPING +0 whip.
  2414 | D:3      | 2414 ||| Stepping ~*~*~tactically~*~*~ (hiding).
  2589 | D:3      | Found an ancient bone altar of Kikubaaqudgha.
  2694 | D:3      | 2694 ||| UPGRADING to +0 tower shield.
  2704 | D:3      | 2704 ||| DROPPING +0 buckler.
  2705 | D:3      | 2705 ||| UPGRADING to +0 pair of gloves.
  2710 | D:3      | 2710 ||| UPGRADING to +6 ring of strength.
  2711 | D:3      | 2711 ||| READING scroll labelled MEKITO KABE.
  2712 | D:3      | 2712 ||| READING 2 scrolls of identify.
  2712 | D:3      | 2712 ||| IDENTIFYING golden potion
  2739 | D:3      | Became a worshipper of Warmaster Okawaru
  2772 | D:4      | Found Ymmac's Tremendous Tomes.
  2810 | D:4      | Reached XP level 6. HP: 37/38 MP: 6/6
  3040 | D:4      | Found Zyeseiw's Assorted Antiques.
  3044 | D:4      | 3044 ||| BUYING bubbling yellow potion (17 gold).
  3044 | D:4      | Bought a bubbling yellow potion for 17 gold pieces
  3044 | D:4      | 3044 ||| BUYING green potion (17 gold).
  3044 | D:4      | Bought a green potion for 17 gold pieces
  3044 | D:4      | 3044 ||| BUYING scroll labelled FAWAFI DATZY (19 gold).
  3044 | D:4      | Bought a scroll labelled FAWAFI DATZY for 19 gold pieces
  3044 | D:4      | 3044 ||| BUYING scroll labelled FAWAFI DATZY (19 gold).
  3044 | D:4      | Bought a scroll labelled FAWAFI DATZY for 19 gold pieces
  3044 | D:4      | 3044 ||| BUYING scroll labelled INUOPH GAZAHIU (19 gold).
  3044 | D:4      | Bought a scroll labelled INUOPH GAZAHIU for 19 gold pieces
  3044 | D:4      | 3044 ||| SHOPLISTING scroll of enchant weapon (142 gold,
                  | have 15).
  3044 | D:4      | 3044 ||| SHOPLISTING scroll of identify (38 gold, have 15).
  3054 | D:4      | 3054 ||| Stepping ~*~*~tactically~*~*~ (stealth).
  3055 | D:4      | 3055 ||| Stepping ~*~*~tactically~*~*~ (stealth).
  3058 | D:4      | 3058 ||| Stepping ~*~*~tactically~*~*~ (hiding).
  3095 | D:4      | 3095 ||| Stepping ~*~*~tactically~*~*~ (stealth).
  3097 | D:4      | 3097 ||| Stepping ~*~*~tactically~*~*~ (hiding).
  3104 | D:4      | 3104 ||| DRINKING potion of curing.
  3104 | D:4      | 3104 ||| (to cure confusion)
  3145 | D:4      | Noticed a black bear
  3165 | D:4      | Slain by a black bear

Levels and vault maps discovered:
D:1:      spicycebolla_arrival_risky_transporter, layout_rooms,
          shapermc_ecumenical_altar_totnotflames, serial_shops, shop
D:2:      layout_basic
D:3:      layout_rooms, mainiacjoe_overflow_big_doors
D:4:      layout_loops_ring, serial_shops, shop, nicolae_shop_i_like_big_books,
          chequers_serial_rivers_small_b, nicolae_shop_fire_sale
          [nicolae_sub_dead_trees], st_stairs_4, corexii_checkpoint_a

Skill      XL: |  1  2  3  4  5  6 |
---------------+-------------------+-----
Axes           | 2 3 4 5 |  5.0
Shields        | 5 |  5.4
Fighting       | |  3.8
Armour         | |  3.2

Action                   |  1- 3 |  4- 6 || total
-------------------------+-------+-------++-------
Melee: War axe           |   129 |   180 ||   309
  Use: Scroll            |     1 |     5 ||     6
       Potion            |     1 |     3 ||     4
Armor: Scale mail        |    70 |    94 ||   164
Dodge: Dodged            |    58 |    75 ||   133
Block: Buckler           |    29 |    24 ||    53
       Tower shield      |       |    51 ||    51

Table legend:
 A = Non-vault XP
 B = Vault XP
 C = Vault XP percentage of total XP
 D = Non-vault monster count
 E = Vault monster count
 F = Vault count percentage of total count
                 A         B        C        D         E       F
            +---------+---------+-------+---------+---------+-------
      Total |     553 |       0 |   0.0 |      97 |       0 |   0.0
            +---------+---------+-------+---------+---------+-------
        D:1 |      38 |       0 |   0.0 |      26 |       0 |   0.0
        D:2 |      82 |       0 |   0.0 |      24 |       0 |   0.0
        D:3 |     160 |       0 |   0.0 |      28 |       0 |   0.0
        D:4 |     273 |       0 |   0.0 |      19 |       0 |   0.0
            +---------+---------+-------+---------+---------+-------
